[ PARTIDA AOE2 · #505914499 ]
UnrankedTurcos vs Khmer
Equipo del jugador · DERR
Equipo rival · VICT
[ ANÁLISIS DE REPETICIÓN · EXTRAÍDO DE LA PARTIDA GRABADA ]
Feudal
8:50
Castillos
18:29
Imperial
38:57
| APM promedio | 45.9 |
| APM pico | 97 |
| eAPM promedio | 17.9 |
| Aldeanos / militares | 82 / 49 |
Foco
⚔️ 28.9% · 🌾 71.1%
Janissary ×18 · Scout Cavalry ×14 · Mangonel ×4 · Monk ×3 · Spearman ×3 · Camel Scout ×3
Feudal
8:35
Castillos
23:25
Imperial
38:21
| APM promedio | 74.9 |
| APM pico | 122 |
| eAPM promedio | 26.5 |
| Aldeanos / militares | 131 / 95 |
Foco
⚔️ 32.9% · 🌾 67.1%
Knight ×46 · Archer ×31 · Scout Cavalry ×10 · Monk ×3 · Skirmisher ×3 · Trebuchet (Packed) ×2
Mapa de la partida
Recursos iniciales + cada clic de construcción. Líneas = muros · curvas = relieve. ◆ oro · ⬟ piedra · ● bayas · ✦ reliquia · ◌ hueco del cierre
Tu base· Abierta — flanco sin cerrar
Base de EbolasRider· Abierta — hueco de 10t
Terreno inicial suavizado · ◌ = hueco del cierre detectado · pasá el cursor para detalles
Inputs por minuto
— Trundle the Great - - EbolasRider
Build order — Trundle the Great
Primeras 150 de 255 acciones detectadas
| 0:00 | Encolar | Villager (Male) |
| 0:00 | Encolar | Villager (Male) |
| 0:02 | Construir | House |
| 0:03 | Construir | House |
| 0:18 | Encolar | Villager (Male) |
| 0:18 | Encolar | Villager (Male) |
| 1:32 | Encolar | Villager (Male) |
| 1:32 | Encolar | Villager (Male) |
| 1:44 | Construir | Mill |
| 1:50 | Encolar | Villager (Male) |
| 2:09 | Construir | House |
| 2:23 | Encolar | Villager (Male) |
| 2:54 | Encolar | Villager (Male) |
| 2:54 | Encolar | Villager (Male) |
| 3:37 | Encolar | Villager (Male) |
| 3:55 | Encolar | Villager (Male) |
| 4:19 | Encolar | Villager (Male) |
| 4:51 | Encolar | Villager (Male) |
| 5:21 | Encolar | Villager (Male) |
| 5:24 | Construir | Lumber Camp |
| 5:46 | Encolar | Villager (Male) |
| 6:12 | Investigar | Loom |
| 6:33 | Investigar | Feudal Age |
| 6:55 | Construir | Palisade Wall |
| 7:07 | Construir | House |
| 7:56 | Construir | Barracks |
| 8:12 | Encolar | Villager (Male) |
| 8:50 | Edad | Edad Feudal |
| 8:55 | Construir | Stable |
| 9:03 | Encolar | Spearman |
| 9:07 | Encolar | Villager (Male) |
| 9:09 | Investigar | Double-Bit Axe |
| 9:26 | Encolar | Villager (Male) |
| 9:45 | Construir | Mill |
| 9:50 | Construir | House |
| 9:54 | Encolar | Villager (Male) |
| 10:00 | Encolar | Scout Cavalry |
| 10:00 | Encolar | Scout Cavalry |
| 10:10 | Construir | Farm |
| 10:22 | Encolar | Villager (Male) |
| 10:26 | Encolar | Spearman |
| 10:33 | Construir | Farm |
| 10:43 | Construir | Farm |
| 10:47 | Encolar | Villager (Male) |
| 10:51 | Construir | House |
| 10:58 | Encolar | Scout Cavalry |
| 11:19 | Encolar | Villager (Male) |
| 11:21 | Construir | Farm |
| 11:24 | Construir | House |
| 11:37 | Construir | Farm |
| 11:54 | Encolar | Villager (Male) |
| 11:56 | Construir | Farm |
| 11:58 | Construir | Farm |
| 12:24 | Encolar | Villager (Male) |
| 12:44 | Encolar | Villager (Male) |
| 12:49 | Construir | Farm |
| 12:51 | Construir | Farm |
| 13:16 | Construir | Watch Tower |
| 13:17 | Encolar | Villager (Male) |
| 13:43 | Encolar | Villager (Male) |
| 14:09 | Encolar | Villager (Male) |
| 14:14 | Construir | Mining Camp |
| 14:25 | Construir | Archery Range |
| 14:28 | Encolar | Villager (Male) |
| 14:36 | Construir | Farm |
| 14:40 | Construir | House |
| 14:54 | Encolar | Villager (Male) |
| 15:04 | Construir | House |
| 15:24 | Encolar | Villager (Male) |
| 15:36 | Construir | Blacksmith |
| 15:46 | Investigar | Castle Age |
| 16:21 | Construir | Archery Range |
| 16:23 | Investigar | Bloodlines |
| 16:54 | Investigar | Fletching |
| 17:15 | Encolar | Villager (Male) |
| 17:32 | Construir | Mining Camp |
| 17:33 | Encolar | Villager (Male) |
| 18:29 | Edad | Edad de los Castillos |
| 18:35 | Construir | Siege Workshop |
| 19:02 | Construir | Palisade Wall |
| 19:04 | Construir | House |
| 19:18 | Encolar | Villager (Male) |
| 19:22 | Encolar | Camel Scout |
| 19:57 | Encolar | Villager (Male) |
| 20:00 | Encolar | Villager (Male) |
| 20:12 | Encolar | Camel Scout |
| 20:12 | Encolar | Camel Scout |
| 20:15 | Encolar | Spearman |
| 20:25 | Encolar | Villager (Male) |
| 20:36 | Encolar | Villager (Male) |
| 20:50 | Encolar | Villager (Male) |
| 21:10 | Construir | Palisade Wall |
| 21:12 | Construir | House |
| 21:13 | Construir | Palisade Wall |
| 21:24 | Construir | Palisade Gate |
| 21:50 | Construir | Castle |
| 22:00 | Construir | Farm |
| 22:13 | Encolar | Villager (Male) |
| 22:40 | Encolar | Villager (Male) |
| 22:47 | Encolar | Janissary |
| 23:05 | Encolar | Villager (Male) |
| 23:20 | Construir | Palisade Wall |
| 23:22 | Encolar | Villager (Male) |
| 23:42 | Construir | Town Center |
| 23:45 | Encolar | Villager (Male) |
| 23:48 | Encolar | Janissary |
| 24:22 | Construir | Town Center |
| 25:21 | Construir | Lumber Camp |
| 25:28 | Encolar | Mangonel |
| 25:29 | Encolar | Villager (Male) |
| 25:30 | Encolar | Janissary |
| 25:35 | Construir | Market |
| 25:50 | Construir | Farm |
| 25:52 | Encolar | Villager (Male) |
| 25:52 | Encolar | Villager (Male) |
| 26:07 | Construir | Farm |
| 26:09 | Encolar | Villager (Male) |
| 26:09 | Encolar | Villager (Male) |
| 26:23 | Encolar | Mangonel |
| 26:31 | Construir | Farm |
| 26:32 | Construir | Farm |
| 26:32 | Construir | Farm |
| 26:32 | Construir | Farm |
| 26:32 | Construir | Farm |
| 26:34 | Construir | Farm |
| 26:50 | Construir | House |
| 26:51 | Construir | House |
| 26:56 | Encolar | Villager (Male) |
| 27:00 | Construir | Farm |
| 27:02 | Encolar | Villager (Male) |
| 27:14 | Construir | Palisade Wall |
| 27:19 | Encolar | Scorpion |
| 27:21 | Encolar | Villager (Male) |
| 27:55 | Encolar | Janissary |
| 27:55 | Encolar | Janissary |
| 28:14 | Investigar | Town Watch |
| 28:15 | Encolar | Villager (Male) |
| 28:15 | Encolar | Villager (Male) |
| 28:19 | Construir | Farm |
| 28:43 | Encolar | Janissary |
| 28:50 | Construir | Farm |
| 28:51 | Encolar | Villager (Male) |
| 28:51 | Encolar | Villager (Male) |
| 28:56 | Encolar | Villager (Male) |
| 29:12 | Encolar | Villager (Male) |
| 29:12 | Encolar | Villager (Male) |
| 29:15 | Construir | Monastery |
| 29:21 | Encolar | Janissary |
| 29:30 | Construir | Farm |
| 29:31 | Construir | Farm |
Build order — EbolasRider
Primeras 150 de 458 acciones detectadas
| 0:01 | Encolar | Villager (Male) |
| 0:01 | Encolar | Villager (Male) |
| 0:02 | Construir | House |
| 0:03 | Construir | House |
| 0:05 | Encolar | Villager (Male) |
| 0:10 | Encolar | Villager (Male) |
| 1:24 | Encolar | Villager (Male) |
| 1:48 | Encolar | Villager (Male) |
| 2:04 | Construir | Lumber Camp |
| 2:22 | Encolar | Villager (Male) |
| 2:48 | Encolar | Villager (Male) |
| 3:00 | Encolar | Villager (Male) |
| 3:23 | Encolar | Villager (Male) |
| 3:57 | Construir | House |
| 4:05 | Encolar | Villager (Male) |
| 4:09 | Encolar | Villager (Male) |
| 4:47 | Construir | Mill |
| 4:50 | Encolar | Villager (Male) |
| 5:00 | Encolar | Villager (Male) |
| 5:13 | Encolar | Villager (Male) |
| 5:50 | Encolar | Villager (Male) |
| 6:25 | Investigar | Feudal Age |
| 6:25 | Investigar | Feudal Age |
| 7:14 | Investigar | Loom |
| 7:34 | Construir | House |
| 7:46 | Construir | House |
| 8:35 | Edad | Edad Feudal |
| 8:37 | Construir | Stable |
| 8:38 | Investigar | Double-Bit Axe |
| 8:41 | Encolar | Villager (Male) |
| 8:53 | Encolar | Villager (Male) |
| 9:08 | Construir | House |
| 9:18 | Investigar | Horse Collar |
| 9:20 | Encolar | Scout Cavalry |
| 9:20 | Encolar | Scout Cavalry |
| 9:21 | Encolar | Villager (Male) |
| 9:25 | Construir | Farm |
| 9:29 | Construir | Farm |
| 9:42 | Construir | House |
| 9:46 | Encolar | Villager (Male) |
| 9:51 | Construir | House |
| 9:51 | Construir | Palisade Wall |
| 10:01 | Encolar | Villager (Male) |
| 10:03 | Construir | Palisade Wall |
| 10:05 | Construir | Palisade Wall |
| 10:08 | Construir | Palisade Wall |
| 10:09 | Construir | Palisade Wall |
| 10:15 | Encolar | Scout Cavalry |
| 10:30 | Construir | Mining Camp |
| 10:36 | Encolar | Villager (Male) |
| 10:46 | Construir | House |
| 10:50 | Construir | House |
| 11:10 | Encolar | Villager (Male) |
| 11:20 | Construir | Archery Range |
| 11:28 | Construir | House |
| 11:31 | Encolar | Villager (Male) |
| 11:44 | Construir | Palisade Wall |
| 11:45 | Construir | Palisade Wall |
| 12:01 | Encolar | Villager (Male) |
| 12:05 | Construir | House |
| 12:12 | Construir | Palisade Wall |
| 12:21 | Encolar | Scout Cavalry |
| 12:25 | Construir | Farm |
| 12:26 | Encolar | Archer |
| 12:27 | Construir | House |
| 12:46 | Encolar | Skirmisher |
| 12:49 | Construir | Farm |
| 12:54 | Encolar | Villager (Male) |
| 13:13 | Encolar | Archer |
| 13:17 | Construir | Mill |
| 13:21 | Encolar | Archer |
| 13:23 | Encolar | Villager (Male) |
| 13:37 | Construir | Farm |
| 13:47 | Encolar | Archer |
| 13:50 | Construir | Farm |
| 14:16 | Encolar | Villager (Male) |
| 14:20 | Construir | Farm |
| 14:24 | Encolar | Archer |
| 14:29 | Construir | Blacksmith |
| 14:32 | Encolar | Scout Cavalry |
| 14:37 | Construir | Farm |
| 14:42 | Construir | Farm |
| 14:43 | Encolar | Villager (Male) |
| 14:45 | Construir | Palisade Wall |
| 15:02 | Encolar | Villager (Male) |
| 15:05 | Encolar | Archer |
| 15:12 | Construir | Farm |
| 15:32 | Construir | Watch Tower |
| 15:33 | Investigar | Fletching |
| 15:34 | Encolar | Scout Cavalry |
| 15:38 | Encolar | Villager (Male) |
| 15:44 | Encolar | Villager (Male) |
| 15:46 | Construir | Farm |
| 15:50 | Encolar | Archer |
| 16:04 | Encolar | Villager (Male) |
| 16:09 | Construir | Mining Camp |
| 16:19 | Encolar | Scout Cavalry |
| 16:26 | Encolar | Villager (Male) |
| 16:48 | Construir | Palisade Wall |
| 16:49 | Construir | Palisade Wall |
| 16:50 | Construir | Palisade Wall |
| 16:54 | Construir | House |
| 16:54 | Encolar | Villager (Male) |
| 17:30 | Encolar | Villager (Male) |
| 17:43 | Encolar | Villager (Male) |
| 17:51 | Construir | Watch Tower |
| 18:07 | Encolar | Villager (Male) |
| 18:12 | Construir | House |
| 18:19 | Construir | Farm |
| 18:20 | Construir | Farm |
| 18:20 | Encolar | Villager (Male) |
| 18:34 | Encolar | Villager (Male) |
| 18:47 | Construir | Palisade Wall |
| 18:49 | Construir | Palisade Wall |
| 18:50 | Construir | Palisade Wall |
| 18:51 | Construir | Palisade Wall |
| 18:57 | Construir | Outpost |
| 19:03 | Construir | Market |
| 19:17 | Encolar | Archer |
| 19:17 | Encolar | Archer |
| 19:25 | Construir | Outpost |
| 19:30 | Encolar | Villager (Male) |
| 19:59 | Encolar | Villager (Male) |
| 20:02 | Encolar | Archer |
| 20:11 | Construir | Farm |
| 20:13 | Construir | Lumber Camp |
| 20:19 | Construir | House |
| 20:28 | Construir | House |
| 20:31 | Construir | Palisade Wall |
| 20:44 | Construir | Lumber Camp |
| 20:45 | Investigar | Castle Age |
| 20:47 | Construir | House |
| 20:54 | Construir | Palisade Wall |
| 21:05 | Construir | House |
| 21:10 | Investigar | Bloodlines |
| 21:10 | Investigar | Bloodlines |
| 21:10 | Investigar | Bloodlines |
| 21:21 | Encolar | Archer |
| 21:49 | Encolar | Archer |
| 22:00 | Encolar | Villager (Male) |
| 22:21 | Construir | House |
| 22:39 | Encolar | Archer |
| 22:41 | Encolar | Scout Cavalry |
| 22:50 | Construir | Watch Tower |
| 23:02 | Encolar | Scout Cavalry |
| 23:05 | Investigar | Forging |
| 23:06 | Investigar | Forging |
| 23:09 | Encolar | Archer |
| 23:11 | Construir | Archery Range |
| 23:13 | Investigar | Padded Archer Armor |
Cronología de la partida
| 6:55 | Trundle the Great · wall_segment Palisade Wall x10 |
| 7:56 | Trundle the Great · first_building Barracks |
| 8:35 | EbolasRider · age_up feudal |
| 8:37 | EbolasRider · first_building Stable |
| 8:50 | Trundle the Great · age_up feudal |
| 8:55 | Trundle the Great · first_building Stable |
| 9:51 | EbolasRider · wall_segment Palisade Wall x1 |
| 10:03 | EbolasRider · wall_segment Palisade Wall x1 |
| 10:05 | EbolasRider · wall_segment Palisade Wall x1 |
| 10:08 | EbolasRider · wall_segment Palisade Wall x1 |
| 10:09 | EbolasRider · wall_segment Palisade Wall x1 |
| 11:20 | EbolasRider · first_building Archery Range |
| 11:44 | EbolasRider · wall_segment Palisade Wall x1 |
| 11:45 | EbolasRider · wall_segment Palisade Wall x1 |
| 12:12 | EbolasRider · wall_segment Palisade Wall x1 |
| 14:25 | Trundle the Great · first_building Archery Range |
| 14:45 | EbolasRider · wall_segment Palisade Wall x1 |
| 16:48 | EbolasRider · wall_segment Palisade Wall x1 |
| 16:49 | EbolasRider · wall_segment Palisade Wall x1 |
| 16:50 | EbolasRider · wall_segment Palisade Wall x1 |
| 18:29 | Trundle the Great · age_up castle |
| 18:35 | Trundle the Great · first_building Siege Workshop |
| 18:47 | EbolasRider · wall_segment Palisade Wall x1 |
| 18:49 | EbolasRider · wall_segment Palisade Wall x1 |
| 18:50 | EbolasRider · wall_segment Palisade Wall x1 |
| 18:51 | EbolasRider · wall_segment Palisade Wall x1 |
| 19:02 | Trundle the Great · wall_segment Palisade Wall x1 |
| 20:31 | EbolasRider · wall_segment Palisade Wall x1 |
| 20:54 | EbolasRider · wall_segment Palisade Wall x1 |
| 21:10 | Trundle the Great · wall_segment Palisade Wall x1 |
| 21:13 | Trundle the Great · wall_segment Palisade Wall x1 |
| 21:50 | Trundle the Great · first_building Castle |
| 23:20 | Trundle the Great · wall_segment Palisade Wall x1 |
| 23:25 | EbolasRider · age_up castle |
| 24:18 | EbolasRider · wall_segment Palisade Wall x1 |
| 24:19 | EbolasRider · wall_segment Palisade Wall x1 |
| 24:20 | EbolasRider · wall_segment Palisade Wall x1 |
| 24:20 | EbolasRider · wall_segment Palisade Wall x1 |
| 27:04 | EbolasRider · first_building Monastery |
| 27:14 | Trundle the Great · wall_segment Palisade Wall x1 |
| 28:46 | EbolasRider · first_market_buy 100 stone |
| 29:15 | Trundle the Great · first_building Monastery |
| 30:31 | Trundle the Great · first_market_buy 100 food |
| 30:36 | EbolasRider · first_market_sell 100 food |
| 34:55 | EbolasRider · first_building Castle |
| 38:21 | EbolasRider · age_up imperial |
| 38:57 | Trundle the Great · age_up imperial |
| 41:16 | Trundle the Great · resign |
[ ANÁLISIS IA · 1 CRÉDITO ]
¿Qué pasó realmente en esta partida?
Wolo.gg analiza cada decisión: build order, eco, micro, errores típicos por bracket. Análisis personalizado por WhatsApp o Discord en 30 segundos.
Guía civ
Turcos
Perfil
Trundle the Great